 Dungeon Crawl Stone Soup version 0.17-a0-1906-g6d5812e (webtiles) character file.

418 suicidejoker the Insei (level 6, -12/48 HPs)
             Began as a Demonspawn Monk on Sept 24, 2015.
             Was a Priest of Cheibriados.
             Mangled by a gnoll
             ... wielding a +2 halberd of chopping
              (17 damage)
             ... on level 3 of the Dungeon on Sept 25, 2015.
             The game lasted 00:17:53 (3053 turns).

suicidejoker the Insei (Demonspawn Monk)            Turns: 3053, Time: 00:17:53

Health: -12/48     AC:  9    Str: 19    XL:     6   Next: 61%
Magic:  6/6        EV: 15    Int: 17    God:    Cheibriados [***...]
Gold:   124        SH:  0    Dex: 27    Spells: 0 memorised, 5 levels left

rFire  . . .     SeeInvis .       - Unarmed
rCold  . . .     Clarity  .     n - +0 chain mail
rNeg   . . .     SustAt   .     (no shield)
rPois  .         Gourm    .     (helmet restricted)
rElec  .         Spirit   .     (no cloak)
rCorr  .         Warding  .     (no gloves)
rMut   .         Stasis   .     (no boots)
MR     .....                    (no amulet)
Stlth  +.........               (no ring)
                                (no ring)

@: agile, very slow, not resistant to hostile enchantments, very unstealthy
A: horns 2, rot immunity
a: Bend Time, Temporal Distortion, Renounce Religion


You were on level 3 of the Dungeon.
You worshipped Cheibriados.
Cheibriados was most pleased with you.
You were not hungry.

You visited 1 branch of the dungeon, and saw 3 of its levels.

You collected 124 gold pieces.

Inventory:

Hand weapons
 x - a +0 hunting sling
Missiles
 c - 41 arrows
 d - 86 stones (quivered)
 r - 39 poisoned needles
 u - 4 curare-tipped needles
Armour
 a - a +0 robe
 n - a +0 chain mail (worn)
Magical devices
 v - a wand of confusion (14)
Scrolls
 f - 4 scrolls of identify {unknown}
 h - 2 scrolls of remove curse {unknown}
 i - 2 scrolls of teleportation {unknown}
 l - 2 scrolls of immolation {unknown}
 p - 2 scrolls of noise {unknown}
 q - a scroll of recharging {unknown}
 s - 2 scrolls of magic mapping {unknown}
 t - 2 scrolls of fog {unknown}
 w - a scroll of random uselessness {unknown}
Potions
 e - a potion of invisibility {unknown}
 j - a potion of lignification {unknown}
 k - a potion of resistance {unknown}
 o - a potion of magic {unknown}
Comestibles
 b - 5 bread rations


   Skills:
 + Level 4.1 Fighting
 + Level 2.7 Armour
 + Level 3.5 Dodging
 + Level 3.2 Stealth
 + Level 4.8 Unarmed Combat
 + Level 1.0 Invocations


You had 5 spell levels left.
You didn't know any spells.

Dungeon Overview and Level Annotations

Branches:
Dungeon (3/15)

Altars:
Cheibriados
Yredelemnul


Innate Abilities, Weirdness & Mutations

You have a pair of horns on your head.
You are immune to rotting.


Message History

Drink which item? (? for menu, Esc to quit)
You feel better. The gnoll hits you but does no damage.
The gnoll closely misses you. The gnoll hits you but does no damage.
The gnoll hits you from afar with a halberd of chopping.
The gnoll hits you but does no damage.
The gnoll hits you from afar with a halberd of chopping.
* * * LOW HITPOINT WARNING * * *
The gnoll hits you from afar with a halberd of chopping.
* * * LOW HITPOINT WARNING * * *
x2 The gnoll hits you but does no damage.
Wield which item (- for none, * to show all)? (? for menu, Esc to quit)
Okay, then.
Drink which item? (? for menu, Esc to quit)
You feel agile all of a sudden.
The gnoll hits you from afar with a halberd of chopping!
* * * LOW HITPOINT WARNING * * *
x2 The gnoll hits you but does no damage.
The gnoll hits you with a halberd of chopping!
You die...

.....###.....>..
#.............
#.......######
#.......# # #....#.## #
#.####.# # #.#######
#.####.# ##
#......g########......#
#. #)##gg@....###### #.
#.##.####### #. #....#
## ###### ## #. #####
###. ##...####...
#...........
#.†...###...


You could see 2 gnolls.

Vanquished Creatures
  A human (D:2)
  The ghost of gribnar the Cudgeler, an average DsGl (D:3)
  A crimson imp (D:3)
  A gnoll (D:3)
  3 adders
  An ooze (D:1)
  5 worms
  A giant gecko (D:3)
  7 orcs (D:3)
  5 bats
  2 giant cockroaches
  6 hobgoblins
  A quokka (D:2)
  2 ball pythons
  A giant newt (D:3)
  8 goblins
  2 jackals (D:3)
  A jackal zombie (D:2)
  3 kobolds
  14 rats
66 creatures vanquished.

Notes
Turn   | Place    | Note
--------------------------------------------------------------
     0 | D:1      | suicidejoker the Demonspawn Monk began the quest for the Orb.
     0 | D:1      | Reached XP level 1. HP: 18/18 MP: 1/1
   207 | D:1      | Gained mutation: You have a pair of small horns on your head. [demonic ancestry]
   207 | D:1      | Reached XP level 2. HP: 22/24 MP: 2/2
  1098 | D:2      | Gained mutation: You have a pair of horns on your head. [demonic ancestry]
  1098 | D:2      | Reached XP level 3. HP: 10/29 MP: 3/3
  1454 | D:2      | Found a snail-covered altar of Cheibriados.
  1484 | D:2      | Became a worshipper of Cheibriados the Contemplative
  1484 | D:2      | Acquired Cheibriados's first power
  1736 | D:2      | Reached skill level 4 in Unarmed Combat
  1937 | D:2      | Found a runed door.
  1937 | D:2      | Noticed a human
  1943 | D:2      | Found a basalt altar of Yredelemnul.
  2006 | D:2      | Killed a human
  2006 | D:2      | Reached skill level 1 in Armour
  2006 | D:2      | Reached XP level 4. HP: 32/36 MP: 4/4
  2006 | D:2      | Gained mutation: You are immune to rotting. [demonic ancestry]
  2006 | D:2      | Reached XP level 5. HP: 36/41 MP: 5/5
  2474 | D:3      | Noticed gribnar's ghost (average DsGl)
  2507 | D:3      | Killed gribnar's ghost
  2507 | D:3      | Reached XP level 6. HP: 34/48 MP: 4/6
  2915 | D:3      | Acquired Cheibriados's second power
  3038 | D:3      | Reached skill level 1 in Invocations
  3053 | D:3      | Mangled by a gnoll

Vault maps used:
D:1:      ncdulo_wetmaze, minmay_rat_gold_closets
D:2:      overflow_temple_1_default, first_bread, dk_yredelemnul_ordeal

Action                   |  1- 3 |  4- 6 || total
-------------------------+-------+-------++-------
Melee: Unarmed           |   121 |    94 ||   215
Invok: Bend Time         |       |     1 ||     1
  Use: Potion            |       |     7 ||     7
 Stab: Sleeping          |    10 |       ||    10
       Distracted        |     1 |       ||     1
  Eat: Chunk             |     2 |     2 ||     4
